 Dungeon Crawl Stone Soup version 0.30-a0-782-ge64f9170bb (webtiles) character file.

Game seed: 13866015939548126735

69352 theswoord the Brawler (level 14, -3/157 HPs)
             Began as a Troll Monk on Feb 22, 2023.
             Was an Elder of Ashenzari.
             Slain by an orc knight
             ... wielding a +1 dire flail of protection
              (23 damage)
             ... on level 13 of the Dungeon.
             The game lasted 00:27:13 (15492 turns).

theswoord the Brawler (Troll Monk)                 Turns: 15492, Time: 00:27:13

Health: -3/157     AC: 11    Str: 26    XL:     14   Next: 90%
Magic:  13/13      EV: 15    Int:  6    God:    Ashenzari [****..]
Gold:   1500       SH:  0    Dex: 18    Spells: 13/13 levels left

rFire   . . .      SeeInvis +      - Unarmed
rCold   . . .      Faith    .    (no shield)
rNeg    . . .      Spirit   .    G - +1 troll leather armour
rPois   .          Reflect  .    S - +1 hat of the Tethered Planets {Melee, Comp} (curse)
rElec   .          Harm     .    i - +0 cloak "At What Cost Knowledge?" {Melee, Alch} (curse)
rCorr   .          Rampage  .    (gloves unavailable)
Will    +....      Clarity  +    (boots unavailable)
Stlth   ++                       D - amulet of the Bound Panentheism {Regen+, Fort, Melee} (curse)
HPRegen 2.86/turn                d - ring of Ashenzari's Jealousy {Dex+6, Melee, Fort} (curse)
MPRegen 0.13/turn                H - ring "Circumscribed Augurer" {EV+5, Range, Melee} (curse)

@: hasted, very quick
A: large, unfitting armour, claws 3, regeneration 1, shaggy fur 1, tough skin 1,
talons 1, wild magic 1, MP-powered wands
a: Renounce Religion, Shatter the Chains


You were on level 13 of the Dungeon.
You worshipped Ashenzari.
Ashenzari was greatly pleased with you.
You visited 3 branches of the dungeon, and saw 19 of its levels.
You also visited: Sewer and Ice Cave.

You collected 1500 gold pieces.

Inventory:

Hand Weapons
 z - a +5 dire flail of protection
Missiles
 s - 4 boomerangs of dispersal (quivered)
 J - 13 large rocks
Armour
 a - a +0 robe
 i - the cursed +0 cloak "At What Cost Knowledge?" (worn) {Melee, Alch}
   (You found it on level 1 of the Dungeon)

   It has a curse which improves the following skills: Melee Combat: Short
   Blades, Long Blades, Axes, Maces & Flails, Polearms, Staves and Unarmed
   Combat.
   Alchemy:   Poison Magic and Transmutations.
 F - a +0 cloak
 G - a +1 troll leather armour (worn)
 S - the cursed +1 hat of the Tethered Planets (worn) {Melee, Comp}
   (You found it on level 4 of the Lair of Beasts)

   It has a curse which improves the following skills: Melee Combat: Short
   Blades, Long Blades, Axes, Maces & Flails, Polearms, Staves and Unarmed
   Combat.
   Companions: Summonings and Necromancy.
Jewellery
 d - the cursed ring of Ashenzari's Jealousy (left claw) {Dex+6, Melee, Fort}
   (You found it on level 2 of the Dungeon)

   [ring of dexterity]

   Dex:       It affects your dexterity (+6).
   It has a curse which improves the following skills: Melee Combat: Short
   Blades, Long Blades, Axes, Maces & Flails, Polearms, Staves and Unarmed
   Combat.
   Fortitude: Armour and Shields.
 g - a ring of willpower
 t - a ring of resist corrosion
 D - the cursed amulet of the Bound Panentheism (around neck) {Regen+, Fort, Melee}
   (You found it on level 7 of the Dungeon)

   [amulet of regeneration]

   Regen:     It increases your rate of health regeneration.
   It has a curse which improves the following skills: Fortitude: Armour and
   Shields.
   Melee Combat: Short Blades, Long Blades, Axes, Maces & Flails, Polearms,
   Staves and Unarmed Combat.
 H - the cursed ring "Circumscribed Augurer" (right claw) {EV+5, Range, Melee}
   (You found it on level 9 of the Dungeon)

   [ring of evasion]

   EV:        It affects your evasion (+5).
   It has a curse which improves the following skills: Ranged Combat: Ranged
   Weapons and Throwing.
   Melee Combat: Short Blades, Long Blades, Axes, Maces & Flails, Polearms,
   Staves and Unarmed Combat.
 M - a ring of positive energy
 P - an amulet of guardian spirit
 U - a +6 ring of strength
 V - a ring of flight
 W - a ring of protection from fire
Wands
 f - a wand of quicksilver (13)
 E - a wand of mindburst (4)
 T - a wand of charming (4)
Scrolls
 k - 3 scrolls of vulnerability
 m - 2 scrolls of fear
 p - 9 scrolls of teleportation
 u - a scroll of amnesia
 v - a scroll of torment
 x - 6 scrolls of fog
 y - 4 scrolls of immolation
 C - a scroll of identify
 I - 3 scrolls of poison
 K - 4 scrolls of magic mapping
 N - 2 scrolls of blinking
 O - 2 scrolls of brand weapon
Potions
 e - a potion of cancellation
 h - 4 potions of brilliance
 j - 3 potions of haste
 l - 13 potions of curing
 n - 2 potions of degeneration
 o - 3 potions of lignification
 q - 4 potions of attraction
 r - 5 potions of heal wounds
 w - 5 potions of mutation
 B - a potion of might
 L - 2 potions of invisibility
 Q - 3 potions of magic
 R - a potion of resistance
Miscellaneous
 b - a box of beasts


   Skills:
 + Level 14.6 Fighting
 + Level 9.9(12.8) Armour
 - Level 2.4 Dodging
 - Level 1.0 Stealth
 + Level 17.2(22.6) Unarmed Combat


You had 13 spell levels left.
You didn't know any spells.
Your spell library was empty.

Dungeon Overview and Level Annotations

Branches:
Dungeon (13/15)            Temple (1/1) D:7            Lair (5/5) D:11
  Swamp (0/4) Lair:2       Spider (0/4) Lair:2        Slime (0/5) Lair:5
    Orc (0/2) D:11         Vaults (0/5) D:13          Sewer (visited)
  IceCv (visited)

Altars:
Ashenzari
Cheibriados
Dithmenos
Elyvilon
Fedhas
Gozag
Hepliaklqana
Kikubaaqudgha
Makhleb
Nemelex Xobeh
Okawaru
Qazlal
Ru
Sif Muna
Trog
Uskayaw
Vehumet
Wu Jian
Xom
Yredelemnul
Zin
The Shining One
Jiyva

Shops:
D:2 (   D:6 *

Annotations:
D:4 exclusion: oklob plant
D:13 Nessos
Lair:4 exclusion: oklob plant


Innate Abilities, Weirdness & Mutations

You are too large for most types of armour.
You have claws for hands.
Your natural rate of healing is unusually fast.
You are covered in fur. (AC +1)
You have tough skin. (AC +1)
You have sharp toenails.
Your spells are a little harder to cast, but a little more powerful.
You expend magic power (3 MP) to strengthen your wands.


Message History

* * * LOW HITPOINT WARNING * * *
The human hits you but does no damage.
You mangle the human!!
You kill the human!
You feel very sick.
Nessos shoots an arrow.
The arrow barely misses you.
The arrow hits the human!!
The arrow burns the human.
The human is poisoned.
You mangle the human!!
You kill the human!
You feel sick.
Nessos shoots an arrow.
The arrow hits you!
* * * LOW HITPOINT WARNING * * *
The arrow burns you.
You are more poisoned.
* * * LOW HITPOINT WARNING * * *
You mangle the human!!
You kill the human!
You feel very sick.
Nessos shoots an arrow.
The arrow hits you.
* * * LOW HITPOINT WARNING * * *
The arrow burns you.
You are lethally poisoned!
* * * LOW HITPOINT WARNING * * *
You claw the human! Your kick misses the human. Your claw misses the human.
* * * LOW HITPOINT WARNING * * *
You feel extremely sick.
Nessos shoots an arrow.
The arrow misses you.
The arrow misses the human.
The arrow hits the centaur!!
The arrow burns the centaur.
The centaur dies!
The human barely misses you.
You feel better.
Nessos shoots an arrow.
The arrow hits you.
* * * LOW HITPOINT WARNING * * *
The arrow burns you.
* * * LOW HITPOINT WARNING * * *
You claw the human! You claw the human, but do no damage.
Your claw misses the human.
Nessos shoots an arrow.
The arrow hits you!
* * * LOW HITPOINT WARNING * * *
The arrow burns you.
* * * LOW HITPOINT WARNING * * *
The orc knight hits you with a +1 dire flail of protection!!
You die...

, * ..#####........).).#
, ,,, ,
,,#................. * ##
,#................( ,, ,,
, ,,.###.#''#............
, ,,,,,,
,,,....#....#..........
,,, , ,, ,
..c#....#.......... ,
##+#+*#..#....#..........
, , , ,,#....,#..#,
#.......... *
*#.....#p@#, #.########.
, ,* ......#o.# ,,#.# . *
.....{#pp# , #.## *
,,,.......†.######..# , ,
,,, .................# ,
, ,,
.................#######.
, ,
∩...........###..........
, ,><...........#
#.......... ,
......#.##### #...#######


You could see Nessos (fast), an orc knight and 3 humans.

Vanquished Creatures
  Jorgrun (D:13)
  Rupert (D:12)
  Kirke (Lair:4)
  Josephine (D:10)
  A fire dragon (Lair:5)
  4 hydras
  2 centaur warriors
  4 two-headed ogres
  A boulder beetle (D:12)
  Sonja (D:10)
  Nergalle (D:11)
  A swamp dragon (Lair:5)
  2 deep elf pyromancers (D:13)
  A manticore (D:12)
  A will-o-the-wisp (Lair:2)
  2 wolf spiders
  4 cyclopes
  4 ugly things
  10 elephants (Lair:5)
  A guardian serpent (Lair:5)
  3 ice statues (IceCv)
  A torpor snail (Lair:4)
  9 black mambas
  An eye of devastation (Lair:5)
  Maurice (D:8)
  21 cane toads
  6 rime drakes
  2 gargoyles (D:12)
  An unseen horror zombie (D:8)
  Psyche (D:10)
  An efreet (D:13)
  4 komodo dragons
  An anaconda simulacrum (IceCv)
  A hornet (shapeshifter) (D:12)
  4 polar bears
  4 trolls
  3 hornets
  17 blink frogs
  15 dream sheep
  2 slime creatures (D:12)
  2 vampires
  A shadow (D:11)
  11 wyverns
  6 wraiths
  41 yaks
  3 basilisks (Lair:5)
  A hog (Lair:4)
  12 humans (D:13)
  2 redbacks (Lair:5)
  3 death yak simulacra
  4 steam dragons
  Edmund (D:6)
  2 acid dragons
  21 water moccasins
  A hydra simulacrum (IceCv)
  A floating eye (Lair:5)
  8 orc warriors
  4 black bears
  6 ice beasts
  A hornet zombie (D:8)
  17 wolves
  6 ogres
  8 centaurs
  2 phantoms
  4 kobold brigands
  13 bullfrogs
  2 scorpions
  A two-headed ogre simulacrum (D:12)
  5 cane toad simulacra
  7 wights
  14 killer bees
  An elephant simulacrum (IceCv)
  A howler monkey (D:11)
  3 electric eels
  6 hounds
  4 centaur zombies (D:8)
  5 jellies
  4 orc priests
  Ijyb (D:4)
  A gnoll bouda (D:10)
  4 iguanas
  13 orc wizards
  A spriggan simulacrum (D:12)
  A wolf simulacrum (IceCv)
  A killer bee zombie (D:8)
  A howler monkey zombie (D:8)
  5 gnolls (D:10)
  2 river rats (D:4)
  16 adders
  A naga simulacrum (D:12)
  3 shadow imps
  3 white imps
  A worm (D:4)
  A dart slug (D:2)
  58 orcs
  12 endoplasms
  11 giant cockroaches
  3 goblins
  10 hobgoblins
  12 quokkas
  11 ball pythons
  2 bats
  10 frilled lizards
  18 kobolds
  5 rats
583 creatures vanquished.

Vanquished Creatures (others)
  2 humans (Lair:4)
  A centaur (D:13)
  2 foxfires (Lair:2)
  21 fungi
  36 plants
  A withered plant (D:8)
63 creatures vanquished.

Grand Total: 646 creatures vanquished

Notes
Turn   | Place    | Note
-------+----------+-------------------------------------------
     0 | D:1      | theswoord the Troll Monk began the quest for the Orb.
     0 | D:1      | Reached XP level 1. HP: 22/22 MP: 0/0
   195 | D:1      | Reached XP level 2. HP: 29/29 MP: 1/1
   538 | D:2      | Identified a scroll of acquirement
   538 | D:2      | Acquired the +2 acid dragon scales of Oblivion {rElec rC+
                  | rCorr Str+3}
   792 | D:2      | Reached XP level 3. HP: 36/37 MP: 2/2
   853 | D:2      | Found Laisur's Weapon Emporium.
  1297 | D:3      | Reached skill level 4 in Unarmed Combat
  1546 | D:3      | Found a burning altar of Makhleb.
  1583 | D:3      | Reached XP level 4. HP: 44/45 MP: 3/3
  1713 | D:4      | Noticed Ijyb
  1731 | D:4      | Killed Ijyb
  1768 | D:4      | Noticed an ogre
  1776 | D:4      | Killed an ogre
  1777 | D:4      | Reached XP level 5. HP: 44/54 MP: 4/4
  1794 | D:4      | Reached skill level 5 in Unarmed Combat
  1832 | D:4      | Found a glowing drain.
  1849 | Sewer    | Entered a sewer
  1954 | Sewer    | Reached XP level 6. HP: 62/62 MP: 5/5
  2291 | D:4      | Reached skill level 5 in Fighting
  2291 | D:4      | Reached skill level 6 in Unarmed Combat
  2414 | D:4      | Reached XP level 7. HP: 66/72 MP: 6/6
  2670 | D:4      | Found a blossoming altar of Fedhas.
  2692 | D:4      | Noticed an oklob plant
  3333 | D:5      | Entered Level 5 of the Dungeon
  3374 | D:5      | Reached skill level 7 in Unarmed Combat
  3439 | D:5      | Reached XP level 8. HP: 82/83 MP: 7/7
  3627 | D:5      | Reached skill level 8 in Unarmed Combat
  4199 | D:6      | Found Fuinoimn's Hallowed Reliquary.
  4199 | D:6      | Noticed an angel
  4480 | D:6      | Reached XP level 9. HP: 63/93 MP: 8/8
  4544 | D:6      | Noticed Edmund
  4551 | D:6      | Killed Edmund
  4552 | D:6      | Reached skill level 9 in Unarmed Combat
  4763 | D:6      | Identified the +4 short sword of the Equinox {drain, Will+
                  | Int+2}
  4882 | D:6      | Found an iron altar of Okawaru.
  5005 | D:6      | Found a white marble altar of Elyvilon.
  5038 | D:6      | You fall into a shaft and drop 3 floors!
  5100 | D:8      | Reached skill level 10 in Unarmed Combat
  5175 | D:8      | Found a radiant altar of Vehumet.
  5458 | D:8      | Noticed Maurice
  5463 | D:8      | Killed Maurice
  5464 | D:8      | Reached XP level 10. HP: 97/107 MP: 9/9
  5728 | D:7      | Reached skill level 11 in Unarmed Combat
  5734 | D:7      | HP: 1/92 [wight/+4 trident (7)]
  5812 | D:7      | Found a hide-covered altar of Uskayaw.
  5901 | D:7      | Found a staircase to the Ecumenical Temple.
  5946 | Temple   | Entered the Ecumenical Temple
  6018 | Temple   | Became a worshipper of Ashenzari the Shackled
  6205 | D:7      | Found a stormy altar of Qazlal.
  6590 | D:7      | HP: 5/102 [killer bee (1)]
  6590 | D:7      | HP: 2/102 [killer bee (3)]
  6601 | D:7      | HP: 5/103 [killer bee (4)]
  6737 | D:8      | Found a shadowy altar of Dithmenos.
  6947 | D:8      | Reached skill level 10 in Fighting
  7004 | D:8      | Reached * piety under Ashenzari
  7423 | D:9      | Reached skill level 12 in Unarmed Combat
  7606 | D:9      | Found a viscous altar of Jiyva.
  7706 | D:9      | Reached ** piety under Ashenzari
  7755 | D:9      | Reached XP level 11. HP: 119/123 MP: 10/10
  8071 | D:10     | Entered Level 10 of the Dungeon
  8225 | D:10     | Noticed Josephine
  8232 | D:10     | Noticed Sonja
  8236 | D:10     | Killed Sonja
  8448 | D:10     | Found a hazy altar of Hepliaklqana.
  8536 | D:10     | Noticed Psyche
  8538 | D:10     | Killed Josephine
  8539 | D:10     | Reached skill level 13 in Unarmed Combat
  8547 | D:10     | Killed Psyche
  8836 | D:11     | Noticed Nergalle
  8845 | D:11     | Killed Nergalle
  8846 | D:11     | Reached skill level 1 in Armour
  8942 | D:11     | Found a staircase to the Lair.
  9064 | D:11     | Found a staircase to the Orcish Mines.
  9204 | D:11     | Noticed a two-headed ogre
  9215 | D:11     | Killed a two-headed ogre
  9542 | Lair:1   | Entered Level 1 of the Lair of Beasts
  9567 | Lair:1   | Identified the +3 dagger of the Eternal Void {drain, rPois
                  | Int+5}
  9580 | Lair:1   | Reached XP level 12. HP: 133/133 MP: 11/11
  9733 | Lair:1   | Noticed an eight-headed hydra
  9740 | Lair:1   | Killed an eight-headed hydra
  9741 | Lair:1   | Reached skill level 14 in Unarmed Combat
  9887 | Lair:1   | Reached *** piety under Ashenzari
 10433 | Lair:2   | Found a hole to the Spider Nest.
 10497 | Lair:2   | Found a staircase to the Swamp.
 10581 | Lair:2   | Reached skill level 5 in Armour
 10683 | Lair:2   | Gained mutation: You have sharp toenails. [potion of
                  | mutation]
 10683 | Lair:2   | Gained mutation: You expend magic power (3 MP) to
                  | strengthen your wands. [potion of mutation]
 10683 | Lair:2   | Gained mutation: Your spells are a little harder to cast,
                  | but a little more powerful. [potion of mutation]
 11188 | Lair:3   | Reached **** piety under Ashenzari
 11361 | Lair:3   | Noticed a seven-headed hydra
 11369 | Lair:3   | Killed a seven-headed hydra
 11979 | Lair:4   | Reached skill level 15 in Unarmed Combat
 12002 | Lair:4   | Noticed a seven-headed hydra
 12011 | Lair:4   | Killed a seven-headed hydra
 12012 | Lair:4   | Reached XP level 13. HP: 100/148 MP: 12/12
 12013 | Lair:4   | Reached ***** piety under Ashenzari
 12062 | Lair:4   | Noticed Kirke
 12076 | Lair:4   | Killed Kirke
 12916 | Lair:5   | Entered Level 5 of the Lair of Beasts
 13290 | Lair:5   | Reached skill level 16 in Unarmed Combat
 13348 | Lair:5   | Found a viscous altar of Jiyva.
 13348 | Lair:5   | Identified the Folio of Petrified Chilblains
 13354 | Lair:5   | Found a staircase to the Slime Pits.
 13455 | Lair:5   | Reached XP level 14. HP: 137/162 MP: 13/13
 14380 | D:12     | Found a frozen archway.
 14414 | IceCv    | Entered an ice cave
 14803 | D:12     | Noticed Rupert
 14943 | D:12     | Identified the +4 whip of Utyxzauloh {speed, *Noise rPois
                  | rCorr Stlth+}
 15072 | D:12     | Killed Rupert
 15296 | D:13     | Noticed Jorgrun
 15300 | D:13     | Killed Jorgrun
 15301 | D:13     | Reached skill level 17 in Unarmed Combat
 15452 | D:13     | Found a gate to the Vaults.
 15454 | D:13     | Noticed Nessos
 15492 | D:13     | Slain by an orc knight

Skill      XL: |  1  2  3  4  5  6  7  8  9 10 11 12 13 14 |
---------------+-------------------------------------------+-----
Fighting       | 3 4 5 6 7 9 10 11 12 13 14 | 14.6
Unarmed Combat | 4 5 6 7 8 10 12 13 15 16 17 | 17.2
Armour         | 3 6 8 9 |  9.9
Dodging        | |  2.4
Stealth        | |  1.0

Action                     |  1- 3 |  4- 6 |  7- 9 | 10-12 | 13-15 || total
---------------------------+-------+-------+-------+-------+-------++-------
  Melee: Unarmed           |    76 |   156 |   258 |   538 |   469 ||  1497
         Punch             |     7 |     6 |    17 |    41 |    65 ||   136
         Kick              |       |       |       |    26 |   151 ||   177
         Dire flail        |       |       |       |    16 |     9 ||    25
 Invoke: Curse Item        |       |       |       |     5 |     2 ||     7
         Shatter the Chain |       |       |       |       |     2 ||     2
    Use: Scroll            |     2 |     9 |     4 |     1 |     2 ||    18
         Potion            |       |       |     1 |     8 |     4 ||    13
   Stab: Sleeping          |     3 |     1 |     1 |       |     1 ||     6
         Distracted        |       |       |       |       |     2 ||     2
 Armour: Robe              |     5 |       |       |       |       ||     5
         Acid dragon scale |    20 |    68 |   125 |   252 |   138 ||   603
         Troll leather arm |       |       |       |       |    31 ||    31
  Dodge: Dodged            |    35 |    71 |   110 |   386 |   323 ||   925

Levels and vault maps discovered:
D:1:      lightli_iron_boxes, layout_basic
D:2:      layout_basic, serial_shops, shop
D:3:      layout_rooms, mainiacjoe_overflow_24_doors, minmay_distorted
D:4:      layout_loops_corners, tgw_fedhas, lightli_sewer_entry_pipes,
          kennysheep_another_room, uniq_ijyb
D:5:      layout_loops_ring, nrook_mini_backslash, columned_hall_lemuel
D:6:      layout_cave_pods, elyvilon_altar_1,
          hellmonk_okawaru_the_only_friend_you_need, serial_park,
          serial_park_square2, serial_park_paths [serial_park_minivault_5x5_6],
          serial_park_tiny_2, nicolae_good_shop, uniq_edmund
D:7:      layout_basic, mainiacjoe_overflow_catwalk,
          mainiacjoe_overflow_small_starburst, minmay_temple_entry_ruins,
          serial_bayou, serial_bayou_pond_b, serial_bayou_ford_a,
          serial_bayou_pond_c, chequers_hall_statues_corner_a,
          dk_noncrumbling_2, eino_jars
D:8:      layout_basic, grunt_dithmenos_shadows, nicolae_vehumet_radiance,
          serial_undead, serial_undead_d, serial_undead_c, serial_undead_a,
          serial_undead_e, serial_undead_d, blue_anna_alchemist, uniq_maurice
D:9:      layout_loops_ring, minmay_statues_item, jiyva_altar_1
D:10:     layout_rooms, general_overflow_altar, hangedman_decor_growths,
          serial_bayou_lagoon_b, uniq_josephine, uniq_sonja, uniq_psyche
D:11:     layout_long_grid, hellmonk_lair_entry_icy, david_orc_2,
          grunt_ministairs_9, uniq_nergalle
D:12:     layout_big_octagon, portal_ice_cave_entry_ice_simulacra,
          lightli_fourway_metalbox, uniq_rupert
D:13:     dragon1_lemuel, layout_irregular_city, david_vaults_3,
          chequers_serial_rivers_small_a, minivault_16, lemuel_nasty_fountain,
          uniq_jorgrun
Temple:   cyrus_circular_temple
Lair:1:   layout_regular_city, st_stairs_7, lemuel_fruit_fields
Lair:2:   layout_loops_ring, minmay_swamp_entry_wisps,
          spider_nest_entry_web_field, serial_bayou_crossing
Lair:3:   layout_gridlike
Lair:4:   layout_small_grid, uniq_kirke
Lair:5:   hangedman_lair_tendril_chambers, layout_long_grid,
          guppyfry_lair_end_dragon, minmay_slime_entry_eyes
